 Dungeon Crawl Stone Soup version 0.26-a0-752-gcff87cac9a (webtiles) character file.

Game seed: 13678797143086142318

277 dolemite99 the Firebug (level 6, -21/51 HPs)
             Began as a Hill Orc Fire Elementalist on Nov 7, 2020.
             Was an Initiate of Fedhas.
             Demolished by an ogre
             ... wielding a cursed +0 giant club
              (31 damage)
             ... on level 5 of the Dungeon.
             The game lasted 00:07:50 (5891 turns).

dolemite99 the Firebug (Hill Orc Fire Elementalist) Turns: 5891, Time: 00:07:51

Health: -21/51     AC:  5    Str: 12    XL:     6   Next: 25%
Magic:  0/8        EV: 12    Int: 16    God:    Fedhas [......]
Gold:   176        SH:  0    Dex: 11    Spells: 4/8 levels left

rFire    . . .     SeeInvis .   z - +0 hand axe
rCold    . . .     Faith    .   (no shield)
rNeg     . . .     Spirit   .   h - +0 robe
rPois    .         Reflect  .   (no helmet)
rElec    .         Harm     .   G - +2 cloak
rCorr    .         Rampage  .   (no gloves)
MR       .....                  (no boots)
Stlth    ++........             (no amulet)
HPRegen  0.17/turn              (no ring)
MPRegen  0.11/turn              (no ring)

@: no status effects
A: no striking features
a: Renounce Religion


You were on level 5 of the Dungeon.
You worshipped Fedhas.
Fedhas was noncommittal.
You visited 1 branch of the dungeon, and saw 5 of its levels.

You collected 176 gold pieces.

Inventory:

Hand Weapons
 a - a +0 hunting sling
 d - a +0 club
 i - a +2 short sword of freezing
 x - a +0 trident
 z - a +0 hand axe (weapon)
Missiles
 c - 42 arrows
 e - 23 bolts
 g - 20 sling bullets
 l - 82 stones (quivered)
 w - 2 boomerangs
Armour
 h - a +0 robe (worn)
 m - a +1 ring mail of poison resistance
 G - a +2 cloak (worn)
Jewellery
 s - an uncursed ring of protection from magic {unknown}
Wands
 C - a wand of random effects (15)
Scrolls
 b - a scroll of fear {unknown}
 f - 5 scrolls of identify {unknown}
 j - a scroll of immolation {unknown}
 n - 2 scrolls of teleportation {unknown}
 o - a scroll of enchant weapon {unknown}
 q - 2 scrolls of amnesia {unknown}
 y - a scroll of random uselessness {unknown}
 A - a scroll of remove curse {unknown}
 B - a scroll of enchant armour {unknown}
 E - a scroll of noise {unknown}
Potions
 p - 2 potions of curing
 r - a potion of invisibility {unknown}
 t - 3 potions of flight {unknown}
 u - a potion of cancellation {unknown}
 v - a potion of heal wounds {unknown}
 D - a potion of attraction {unknown}
 F - a potion of resistance {unknown}


   Skills:
 - Level 3.4 Fighting
 - Level 1.5 Dodging
 - Level 1.5 Stealth
 - Level 1.5 Spellcasting
 + Level 4.0 Conjurations
 + Level 4.8 Fire Magic


You had 4 spell levels left.
You knew the following spells:

 Your Spells              Type           Power        Failure   Level
a - Foxfire               Conj/Fire      ###.         3%          1
b - Conjure Flame         Conj/Fire      ###.....     11%         3

Your spell library contained the following spells:

 Spells                   Type           Power        Failure   Level
 Inner Flame              Hex/Fire       #.......     24%         3
 Sticky Flame             Conj/Fire      ###.....     34%         4
 Fireball                 Conj/Fire      ###.......   67%         5


Dungeon Overview and Level Annotations

Branches:
Dungeon (5/15)
 Temple: D:4-7

Altars:
Fedhas
Nemelex Xobeh
Qazlal
Sif Muna
Trog
Vehumet

Annotations:
D:3 Sigmund


Message History

You conjure some foxfire!
Your foxfire dissipates!
The foxfire hits the ogre.
The ogre is severely wounded.
Casting: Foxfire (safe; 3% risk of failure)
Confirm with . or Enter, or press ? or * to list all spells.
You conjure some foxfire!
The ogre hits you with a cursed +0 giant club!!
* * * LOW HITPOINT WARNING * * *
The foxfire hits the ogre.
The ogre is severely wounded.
The foxfire hits the ogre.
The ogre is almost dead.
Casting: Foxfire (safe; 3% risk of failure)
Confirm with . or Enter, or press ? or * to list all spells.
You don't have enough magic to cast that spell.
The ogre hits you with a cursed +0 giant club!!
Ouch! That really hurt!
You die...
Fedhas appreciates your contribution to the ecosystem.

..# ..# .. ####
##. ## #.. ..#
...#####.#####ยง#
...............#
........[...#O.#
.........##.#.@#
.....##..#..#..#
.... #........#
... #.##.##?##
#<.......#
####.###.# ...(
#(. ##


You could see an ogre.

Vanquished Creatures
  A hound (D:4)
  A bullfrog skeleton (D:4)
  A jelly (D:5)
  An iguana (D:4)
  6 adders
  An ooze (D:4)
  3 worms
  3 dart slugs
  4 leopard geckos
  4 orcs (D:3)
  5 giant cockroaches (D:1)
  10 goblins
  5 hobgoblins
  10 jackals
  3 kobolds
  3 quokkas
  3 ball pythons
  9 bats
  5 frilled lizards
  A quokka skeleton (D:2)
  5 rats
84 creatures vanquished.

Vanquished Creatures (others)
  232 foxfires
232 creatures vanquished.

Grand Total: 316 creatures vanquished

Notes
Turn   | Place    | Note
-------+----------+-------------------------------------------
     0 | D:1      | dolemite99 the Hill Orc Fire Elementalist began the quest
                  | for the Orb.
     0 | D:1      | Reached XP level 1. HP: 14/14 MP: 3/3
    52 | D:1      | Reached skill level 1 in Fighting
   114 | D:1      | Reached XP level 2. HP: 16/23 MP: 0/4
   697 | D:1      | Reached XP level 3. HP: 13/29 MP: 0/5
   979 | D:1      | Learned a level 3 spell: Conjure Flame
  2586 | D:2      | Found a faded altar of an unknown god.
  2677 | D:2      | Reached XP level 4. HP: 17/37 MP: 1/6
  3129 | D:2      | Found a radiant altar of Vehumet.
  3992 | D:3      | Reached XP level 5. HP: 45/45 MP: 4/7
  4556 | D:3      | Noticed Sigmund
  4696 | D:4      | Noticed a fire elemental
  4698 | D:4      | Found a stormy altar of Qazlal.
  4700 | D:4      | Noticed a water elemental
  4700 | D:4      | Noticed an air elemental
  5411 | D:4      | Reached XP level 6. HP: 51/51 MP: 5/8
  5439 | D:4      | Found a sparkling altar of Nemelex Xobeh.
  5443 | D:4      | Found a bloodstained altar of Trog.
  5444 | D:4      | Found a shimmering blue altar of Sif Muna.
  5444 | D:4      | Found a blossoming altar of Fedhas.
  5466 | D:4      | Became a worshipper of Fedhas Madash
  5866 | D:5      | Entered Level 5 of the Dungeon
  5891 | D:5      | Demolished by an ogre

Illustrated notes

Levels and vault maps discovered:
D:1:      lightli_arrival_isolated_outpost, layout_basic,
          minmay_worlds_worst_comb
D:2:      layout_basic, vehumet_crystals,
          chequers_ecumenical_altar_simple_redux, minivault_4,
          grunt_ministairs_9
D:3:      layout_rooms, uniq_terence, uniq_sigmund
D:4:      layout_basic, grunt_temple_overflow_open,
          nicolae_qazlal_style_of_elements
D:5:      layout_loops_cross, lemuel_coloured_pillars_altar,
          gammafunk_temple_overflow_elements

Skill      XL: |  1  2  3  4  5  6 |
---------------+-------------------+-----
Fighting       | 1 2 3 |  3.4
Fire Magic     | 4 |  4.8
Conjurations   | 3 4 |  4.0
Dodging        | |  1.5
Stealth        | |  1.5
Spellcasting   | |  1.5

Action                   |  1- 3 |  4- 6 || total
-------------------------+-------+-------++-------
Melee: Unarmed           |    21 |       ||    21
       Short sword       |     8 |    36 ||    44
       Hand axe          |       |    14 ||    14
 Fire: Hunting sling     |     6 |       ||     6
Throw: Dart              |       |    14 ||    14
       Stone             |       |     5 ||     5
 Cast: Foxfire           |    69 |    90 ||   159
  Use: Potion            |     1 |       ||     1
Armor: Robe              |    33 |    19 ||    52
Dodge: Dodged            |    95 |    90 ||   185

Table legend: (Time is in decaauts)
 A = Elapsed time spent in this place.
 B = Non-inter-level travel time spent in this place.
 C = Inter-level travel time spent in this place.
 D = Time resting spent in this place.
 E = Time spent auto-exploring this place.
 F = Levels seen in this place.
 G = Mean time per level.
                   A        B        C        D        E       F      G
               +--------+--------+--------+--------+--------+-----+--------+
         Total |   5905 |   5831 |     74 |   2489 |   2065 |   5 | 1181.0 |
       Dungeon |   5905 |   5831 |     74 |   2489 |   2065 |   5 | 1181.0 |
               +--------+--------+--------+--------+--------+-----+--------+

Top non-repeatable levels by time:
     D:1: 2362 daAuts
     D:2: 1384 daAuts
     D:4: 1294 daAuts
     D:3: 837 daAuts
     D:5: 24 daAuts
